 Dungeon Crawl Stone Soup version 0.25.1-8-g42b30a86e7 (webtiles) character file.

Game seed: 15306793355455735811

18 DogServant the Skirmisher (level 2, -1/24 HPs)
             Began as a Demonspawn Monk on Dec 3, 2020.
             Slain by a worm (9 damage)
             ... on level 2 of the Dungeon.
             The game lasted 00:01:20 (1565 turns).

DogServant the Skirmisher (Demonspawn Monk)         Turns: 1565, Time: 00:01:21

Health: -1/24      AC:  3    Str: 11    XL:     2   Next: 51%
Magic:  0/2        EV: 13    Int: 11    God:
Gold:   62         SH:  0    Dex: 15    Spells: 1/1 levels left

rFire    . . .     SeeInvis .   g - +1 dagger (venom)
rCold    + . .     Gourm    .   (no shield)
rNeg     + . .     Faith    .   b - +0 robe
rPois    .         Spirit   +   h - +0 helmet
rElec    .         Reflect  .   (no cloak)
rCorr    .         Harm     .   (no gloves)
MR       .....                  (no boots)
Stlth    ++........             (no amulet)
HPRegen  0.08/turn              o - ring of positive energy
MPRegen  0.08/turn              n - ring of protection from cold

@: no status effects
A: magic shield
a: no special abilities


You were on level 2 of the Dungeon.
You were not hungry.

You visited 1 branch of the dungeon, and saw 2 of its levels.

You collected 62 gold pieces.

Inventory:

Hand Weapons
 a - a +0 hand axe
 g - a +1 dagger of venom (weapon)
Armour
 b - a +0 robe (worn)
 h - a +0 helmet (worn)
Jewellery
 n - a ring of protection from cold (right hand)
 o - a ring of positive energy (left hand)
Scrolls
 d - a scroll of fog {unknown}
 i - a scroll of teleportation {unknown}
 j - 2 scrolls of identify {unknown}
 l - a scroll of amnesia {unknown}
 m - a scroll of enchant weapon {unknown}
 p - a scroll of immolation {unknown}
 q - a scroll of random uselessness {unknown}
 r - a scroll of remove curse {unknown}
Potions
 e - a potion of curing
 f - a potion of might {unknown}
 k - a potion of stabbing {unknown}
Comestibles
 c - a ration


   Skills:
 - Level 3.1 Fighting
 + Level 3.0 Axes
 + Level 3.1 Dodging
 - Level 1.7 Stealth


You had one spell level left.
You didn't know any spells.
Your spell library was empty.

Dungeon Overview and Level Annotations

Branches:
Dungeon (2/15)

Altars:
Elyvilon
Nemelex Xobeh


Innate Abilities, Weirdness & Mutations

When hurt, damage is shared between your health and your magic reserves.


Message History

The jackal bites you. The worm bites you.
You hit the worm.
The worm is poisoned.
The worm is lightly wounded.
The jackal barely misses you. The jackal bites you.
You hit the worm.
The worm is moderately wounded.
The jackal bites you. The worm bites you.
You are too injured to fight recklessly!
You are too injured to fight recklessly!
You are too injured to fight recklessly!
You are too injured to fight recklessly!
You are too injured to fight recklessly!
You hit the jackal but do no damage.
The jackal is poisoned.
The jackal barely misses you.
You barely miss the jackal. The jackal misses you. The worm closely misses you.
The jackal closely misses you.
You hit the jackal.
The jackal is heavily wounded.
The jackal misses you. The worm bites you!
You die...

##########...#
...##.......##.#.#
$.##.#####.##.#.#
..##.# #.##.#.#
<.##.# #....#.#
#.##.# ######.# #
#w##.# #.# _#
#.#w##.# #.#
..8##.#@##.# #.##
...##.#h##.# #...
...8#...##.#
######..
...##...##.#
#.......
..8##...##.#
#.###... _#
#......######.#...#.
#..######..>....#...
....( #.......###.
...... #...........


You could see a worm (very poisoned), a dart slug and a jackal (very poisoned).

Vanquished Creatures
  A leopard gecko (D:1)
  2 goblins (D:1)
  2 hobgoblins (D:1)
  3 jackals (D:2)
  A bat (D:2)
  7 kobolds (D:1)
16 creatures vanquished.

Notes
Turn   | Place    | Note
-------+----------+-------------------------------------------
     0 | D:1      | DogServant the Demonspawn Monk began the quest for the Orb.
     0 | D:1      | Reached XP level 1. HP: 18/18 MP: 1/1
   691 | D:1      | Gained mutation: When hurt, damage is shared between your
                  | health and your magic reserves. [demonic ancestry]
   691 | D:1      | Reached XP level 2. HP: 24/24 MP: 2/2
  1122 | D:1      | HP: 1/24 [poisoned by a kobold]
  1542 | D:2      | Found a white marble altar of Elyvilon.
  1544 | D:2      | Found a sparkling altar of Nemelex Xobeh.
  1565 | D:2      | Slain by a worm

Illustrated notes

Levels and vault maps discovered:
D:1:      lightli_arrival_quake, layout_basic
D:2:      layout_basic, nicolae_overflow_hidden_temple, first_ration,
          minmay_tromino_v4_a

Skill      XL: |  1  2 |
---------------+-------+-----
Dodging        | 3 |  3.1
Axes           | 3 |  3.0
Fighting       | |  3.1
Stealth        | |  1.7

Action                   || total
-------------------------++-------
Melee: Dagger            ||    58
       Hand axe          ||     6
  Use: Potion            ||     1
 Stab: Sleeping          ||     2
  Eat: Chunk             ||     2
Armor: Robe              ||    15
Dodge: Dodged            ||    59
